 Seeded DCSS version 0.27-a0-1105-g946c659c87 (webtiles) character file.

Game seed: 20210428 (custom seed)

2849 Snicker the Sneak (level 9, -3/65 HPs)
             Began as a Demonspawn Brigand on Apr 29, 2021.
             Killed from afar by an electric eel (4 damage)
             ... with a bolt of electricity
             ... on level 7 of the Dungeon.
             The game lasted 00:11:38 (8079 turns).

Snicker the Sneak (Demonspawn Brigand)              Turns: 8079, Time: 00:11:42

Health: -3/65      AC:  9    Str: 11    XL:     9   Next: 46%
Magic:  9/9        EV: 14    Int: 13    God:
Gold:   184        SH:  0    Dex: 18    Spells: 8/8 levels left

rFire    . . .     SeeInvis .   a - +2 dagger
rCold    . . .     Faith    .   (no shield)
rNeg     . . .     Spirit   .   y - +0 steam dragon scales
rPois    .         Reflect  .   (no helmet)
rElec    .         Harm     .   c - +0 cloak
rCorr    .         Rampage  .   (no gloves)
Will     .....                  (boots unavailable)
Stlth    ++........             (no amulet)
HPRegen  0.20/turn              (no ring)
MPRegen  0.11/turn              (no ring)

@: very slow
A: talons 3, thin metallic scales 1, spiny 2
a: no special abilities


You were on level 7 of the Dungeon.
You visited 1 branch of the dungeon, and saw 7 of its levels.

You collected 184 gold pieces.

Inventory:

Hand Weapons
 a - a +2 dagger (weapon)
 b - a +1 whip of electrocution
 v - a +0 dagger of draining
Missiles
 d - 10 poisoned darts (quivered)
 e - 2 curare-tipped darts
 i - 3 throwing nets
Armour
 c - a +0 cloak (worn)
 g - a +0 leather armour
 l - a +0 robe
 q - a +1 hat
 r - a +1 leather armour of cold resistance
 y - +0 steam dragon scales (worn)
Jewellery
 o - an amulet of faith
 A - a ring of positive energy
Wands
 w - a wand of flame (23)
Scrolls
 f - a scroll of enchant weapon {unknown}
 h - 5 scrolls of amnesia {unknown}
 j - 2 scrolls of summoning {unknown}
 k - 4 scrolls of identify {unknown}
 n - a scroll of fear {unknown}
 p - a scroll of vulnerability {unknown}
 t - 4 scrolls of immolation {unknown}
 u - a scroll of enchant armour {unknown}
 x - 2 scrolls of magic mapping {unknown}
Potions
 m - a potion of curing
 s - a potion of heal wounds {unknown}
 z - a potion of ambrosia {unknown}


   Skills:
 + Level 4.2 Fighting
 * Level 5.3 Short Blades
 * Level 5.4 Maces & Flails
 + Level 2.4 Throwing
 + Level 4.6 Armour
 + Level 3.8 Dodging
 * Level 7.3 Stealth


You had 8 spell levels left.
You didn't know any spells.
Your spell library contained the following spells:

 Spells                   Type           Power      Damage    Failure   Level
 Corona                   Hex            0%         N/A       30%         1
 Foxfire                  Conj/Fire      0%         2x1d4     30%         1
 Magic Dart               Conj           0%         1d3       30%         1
 Ensorcelled Hibernation  Hex/Ice        0%         N/A       43%         2
 Searing Ray              Conj           0%         3d3       43%         2
 Confusing Touch          Hex            0%         N/A       67%         3
 Conjure Flame            Conj/Fire      0%         6-21      67%         3
 Dazzling Flash           Conj/Hex       0%         N/A       67%         3
 Inner Flame              Hex/Fire       0%         N/A       67%         3
 Tukima's Dance           Hex            0%         N/A       67%         3
 Fulminant Prism          Conj/Hex       0%         3d6       97%         4
 Iskenderun's Mystic Bla  Conj/Tloc      0%         2d3       97%         4
 Sticky Flame             Conj/Fire      0%         2d3       97%         4
 Fireball                 Conj/Fire      0%         3d3       100%        5


Dungeon Overview and Level Annotations

Branches:
Dungeon (7/15)             Temple (0/1) D:4

Altars:
Ashenzari
Cheibriados
Elyvilon
Fedhas
Gozag
Hepliaklqana
Nemelex Xobeh
Trog
Uskayaw
Xom
Yredelemnul
Zin

Shops:
D:7 :

Annotations:
D:3 3 runed translucent doors, Demosthentine's ghost, amateur MfGl


Innate Abilities, Weirdness & Mutations

You have claws for feet.
You are partially covered in thin metallic scales. (AC +2)
You are mostly covered in sharp spines.


Message History

You kill the centaur!
A - a ring of positive energy
Things that are here:
a +0 shortbow; 17 arrows; a centaur corpse Your +1 whip of electrocution stops crackling.
a - a +2 dagger (weapon)
Things that are here:
a +0 shortbow; 17 arrows; a centaur corpse An electric eel is nearby!
An electric eel is nearby!
An electric eel is nearby!
You catch the helpless electric eel completely off-guard!
You impale the electric eel!!
You kill the electric eel!
The electric eel shoots out a bolt of lightning at you!
The bolt of electricity hits you!
The electric eel shoots out a bolt of lightning at you!
The bolt of electricity hits you! x2
An electric eel is nearby!
An electric eel is nearby!
You enter the shallow water.
Moving in this stuff is going to be slow.
The electric eel shoots out a bolt of lightning at you!
The bolt of electricity hits you! x2
* * * LOW HITPOINT WARNING * * *
You hit the electric eel. You claw the electric eel!
The electric eel is heavily wounded.
The electric eel shoots out a bolt of lightning at you!
The bolt of electricity hits you!
* * * LOW HITPOINT WARNING * * *
The bolt of electricity misses you.
You hit the electric eel but do no damage.
The electric eel is heavily wounded.
You hit the electric eel.
The electric eel is heavily wounded.
The electric eel shoots out a bolt of lightning at you!
The bolt of electricity hits you!
* * * LOW HITPOINT WARNING * * *
The bolt of electricity hits you.
You die...

...#...............#
.#.#.#############.#
.#.#.#### #.#
.#.#....##########.##
)#.#................#
.#.#.##.##########..#
...#.##.#...........#
.................##.#
...#.##.##.####≈@≈≈.#
........##.####≈;≈≈≈#
..##.#..##.....(≈_≈.....
..##.#..##).....≈≈≈≈....
..##.#..##.......≈≈.....
..#.....#........#>.....
[.....<....#######....#..
.###....##.# ......... .#
#.##.##.#


You could see an electric eel.

Vanquished Creatures
  Prince Ribbit (D:7)
  Eustachio (D:4)
  A steam dragon (D:6)
  3 water moccasins (D:5)
  4 black bears
  A necrophage (D:5)
  An ogre (D:6)
  2 centaurs
  2 bullfrogs
  6 scorpions
  2 water moccasin skeletons
  An electric eel (D:7)
  2 centaur zombies
  2 orc priests
  A hound (D:6)
  2 bullfrog skeletons
  3 centaur skeletons
  5 iguanas
  A scorpion zombie (D:5)
  4 orc wizards
  A killer bee zombie (D:4)
  A howler monkey zombie (D:7)
  2 howler monkey skeletons
  4 adders
  An ufetubus (D:5)
  2 adder skeletons
  A dart slug (D:1)
  4 worms
  20 orcs
  8 ball pythons
  7 bats
  3 endoplasms
  3 giant cockroaches
  9 goblins
  9 hobgoblins
  6 jackals (D:3)
  7 kobolds
  3 quokkas
  4 frilled lizards
  4 rats
  A butterfly (D:6)
145 creatures vanquished.

Vanquished Creatures (others)
  A dart slug (D:1)
  A quokka (D:4)
  6 plants (D:4)
8 creatures vanquished.

Grand Total: 153 creatures vanquished

Notes
Turn   | Place    | Note
-------+----------+-------------------------------------------
     0 | D:1      | Snicker the Demonspawn Brigand began the quest for the Orb.
     0 | D:1      | Reached XP level 1. HP: 16/16 MP: 1/1
   169 | D:1      | Reached skill level 4 in Stealth
   446 | D:1      | Gained mutation: You are partially covered in sharp spines.
                  | [demonic ancestry]
   446 | D:1      | Reached XP level 2. HP: 22/22 MP: 2/2
   549 | D:1      | Found a faded altar of an unknown god.
   700 | D:1      | Reached skill level 1 in Dodging
  1031 | D:2      | Gained mutation: You have sharp toenails. [demonic
                  | ancestry]
  1031 | D:2      | Reached XP level 3. HP: 18/27 MP: 3/3
  1862 | D:2      | Found a hide-covered altar of Uskayaw.
  2371 | D:3      | Reached XP level 4. HP: 33/33 MP: 4/4
  2386 | D:3      | Found a broken altar of Ashenzari.
  2560 | D:3      | Found a runed translucent gate.
  2562 | D:3      | Found a runed translucent gate.
  2564 | D:3      | Found a runed translucent gate.
  2566 | D:3      | Noticed Demosthentine's ghost (amateur MfGl)
  2885 | D:3      | Found a hide-covered altar of Uskayaw.
  3277 | D:4      | Reached skill level 1 in Armour
  3277 | D:4      | Gained mutation: You have razor-sharp toenails. [demonic
                  | ancestry]
  3277 | D:4      | Reached XP level 5. HP: 18/37 MP: 5/5
  3694 | D:4      | Found a sparkling altar of Nemelex Xobeh.
  3838 | D:4      | Found a hazy altar of Hepliaklqana.
  3854 | D:4      | Reached skill level 5 in Stealth
  3872 | D:4      | Reached XP level 6. HP: 7/45 MP: 6/6
  4165 | D:4      | Found a staircase to the Ecumenical Temple.
  4172 | D:4      | Noticed Eustachio
  4210 | D:4      | Killed Eustachio
  4746 | D:4      | Found a snail-covered altar of Cheibriados.
  5018 | D:5      | Entered Level 5 of the Dungeon
  5058 | D:5      | Reached skill level 1 in Maces & Flails
  5058 | D:5      | Gained mutation: You are mostly covered in sharp spines.
                  | [demonic ancestry]
  5058 | D:5      | Reached XP level 7. HP: 44/51 MP: 7/7
  5580 | D:5      | Found a bloodstained altar of Trog.
  5594 | D:5      | Gained mutation: You are partially covered in thin metallic
                  | scales. (AC +2) [demonic ancestry]
  5594 | D:5      | Reached XP level 8. HP: 16/58 MP: 8/8
  5981 | D:5      | Found an opulent altar of Gozag.
  5982 | D:5      | Found a basalt altar of Yredelemnul.
  6078 | D:5      | Reached skill level 6 in Stealth
  6512 | D:6      | Reached skill level 5 in Short Blades
  6613 | D:6      | Found a shimmering altar of Xom.
  6632 | D:6      | Gained mutation: You have claws for feet. [demonic
                  | ancestry]
  6632 | D:6      | Reached XP level 9. HP: 32/65 MP: 9/9
  7333 | D:7      | Found Zyarr's Book Shop.
  7405 | D:7      | Noticed Prince Ribbit
  7416 | D:7      | Reached skill level 5 in Maces & Flails
  7421 | D:7      | Killed Prince Ribbit
  7422 | D:7      | Reached skill level 7 in Stealth
  7539 | D:7      | Found a blossoming altar of Fedhas.
  8079 | D:7      | HP: 1/65 [electric eel/bolt of electricity (9)]
  8079 | D:7      | Killed from afar by an electric eel

Illustrated notes

Levels and vault maps discovered:
D:1:      psy_arrival_terrarium, layout_loops_cross,
          hellmonk_ecumenical_altar_crossroads, minivault_26,
          lemuel_flame_loot_1
D:2:      layout_loops_corners, basic_altar, amethyst_killhole
D:3:      layout_rooms, lemuel_tele_altar, nicolae_uskayaw_dance_hall,
          nicolae_ashenzari_skybound, gammafunk_ghost_necromancy,
          portal_sewer_entry_b, guppyfry_early_orc_mine
D:4:      layout_basic, elyvilon_altar_4, nicolae_overflow_crystal_walls,
          slow_altar_2, nicolae_hepliaklqana_hazy_memory,
          minmay_temple_entry_slanted, uniq_eustachio
D:5:      layout_rooms, trog_ov_bears_minmay, gammafunk_temple_overflow_pools,
          hangedman_decor_opposing, minmay_misc_feat_square,
          minmay_misc_feat_nine_boxes
D:6:      layout_basic, xom_butterflies, serial_glass, glass_columns_c,
          glass_columns_a, minmay_strange_pillars
D:7:      nzn_winding_woodlands_stair_cross
          [nzn_winding_woodlands_5x15_sidewinder,
          nzn_winding_woodlands_center_triple_pond,
          nzn_winding_woodlands_5x15_pool,
          nzn_winding_woodlands_5x5_closed_star,
          nzn_winding_woodlands_5x5_three, nzn_winding_woodlands_5x15_crooked,
          nzn_winding_woodlands_center_pierced_h,
          nzn_winding_woodlands_5x15_longhouse], layout_basic, fedhas_altar_2,
          serial_shops, shop, uniq_harold, uniq_pikel, uniq_duvessa,
          uniq_prince_ribbit1

Skill      XL: |  1  2  3  4  5  6  7  8  9 |
---------------+----------------------------+-----
Stealth        | 4 5 6 7 |  7.3
Dodging        | 1 2 3 |  3.8
Short Blades   | 2 3 4 5 |  5.3
Throwing       | 2 |  2.4
Armour         | 1 2 3 4 |  4.6
Maces & Flails | 1 2 4 5 |  5.4
Fighting       | 3 4 |  4.2

Action                   |  1- 3 |  4- 6 |  7- 9 || total
-------------------------+-------+-------+-------++-------
Melee: Dagger            |    69 |    75 |    34 ||   178
       Kick              |    12 |    27 |    42 ||    81
       Whip              |       |    49 |   113 ||   162
Throw: Dart              |       |     4 |       ||     4
  Use: Potion            |       |     3 |     2 ||     5
 Stab: Sleeping          |    10 |       |    10 ||    20
       Distracted        |       |       |     1 ||     1
Armor: Robe              |     6 |       |       ||     6
       Leather armour    |    10 |    21 |    24 ||    55
       Skin              |       |       |     6 ||     6
       Steam dragon scal |       |       |     8 ||     8
Dodge: Dodged            |    28 |    52 |    73 ||   153

Table legend: (Time is in decaauts)
 A = Elapsed time spent in this place.
 B = Non-inter-level travel time spent in this place.
 C = Inter-level travel time spent in this place.
 D = Time resting spent in this place.
 E = Time spent auto-exploring this place.
 F = Levels seen in this place.
 G = Mean time per level.
                   A        B        C        D        E       F      G
               +--------+--------+--------+--------+--------+-----+--------+
         Total |   8020 |   7736 |    284 |   1374 |   4982 |   7 | 1145.7 |
       Dungeon |   8020 |   7736 |    284 |   1374 |   4982 |   7 | 1145.7 |
               +--------+--------+--------+--------+--------+-----+--------+

Top non-repeatable levels by time:
     D:4: 1528 daAuts
     D:2: 1332 daAuts
     D:5: 1235 daAuts
     D:3: 1130 daAuts
     D:1: 1006 daAuts
     D:6: 1000 daAuts
     D:7: 787 daAuts
